 Dungeon Crawl Stone Soup version 0.28-a0-241-gfbb0926a3a (webtiles) character file.

Game seed: 4351982999467181103

690 Colgate the Cleaver (level 7, 0/60 HPs)
             Began as a Minotaur Fighter on Aug 24, 2021.
             Slain by an ogre (1 damage)
             ... on level 5 of the Dungeon.
             The game lasted 00:07:52 (4648 turns).

Colgate the Cleaver (Minotaur Fighter)              Turns: 4648, Time: 00:07:53

Health: 0/60       AC: 17    Str: 23    XL:     7   Next: 36%
Magic:  0/6        EV:  4    Int:  5    God:
Gold:   199        SH:  8    Dex:  9    Spells: 6/6 levels left

rFire   . . .      SeeInvis .   Y - +0 war axe
rCold   . . .      Faith    .   c - +0 kite shield
rNeg    . . .      Spirit   +   a - +3 plate armour {Will+}
rPois   .          Reflect  .   (helmet restricted)
rElec   .          Harm     .   k - +1 cloak
rCorr   .          Rampage  .   (no gloves)
Will    +....                   (no boots)
Stlth   ..........              e - amulet of guardian spirit
HPRegen 0.20/turn               (no ring)
MPRegen 0.10/turn               (no ring)

@: no status effects
A: horns 2, retaliatory headbutt
a: no special abilities


You were on level 5 of the Dungeon.
You visited 1 branch of the dungeon, and saw 5 of its levels.

You collected 199 gold pieces.


Innate Abilities, Weirdness & Mutations

You have a pair of horns on your head.
You reflexively headbutt those who attack you in melee.


   Skills:
 + Level 4.5 Fighting
 - Level 9.2 Axes
 - Level 4.1 Armour
 - Level 1.5 Dodging
 - Level 3.6 Shields


You had 6 spell levels left.
You didn't know any spells.
Your spell library was empty.

Inventory:

Hand Weapons
 b - a +0 flail
 Y - a +0 war axe (weapon)
Armour
 a - a +3 plate armour of willpower (worn)
 c - a +0 kite shield (worn)
 k - a +1 cloak (worn)
Jewellery
 e - an amulet of guardian spirit (around neck)
Wands
 h - a wand of mindburst (16)
Scrolls
 i - 2 scrolls of identify
Potions
 d - a potion of might

Dungeon Overview and Level Annotations

Branches:
Dungeon (5/15)
 Temple: D:4-7

Altars:
Elyvilon
Xom
Zin


Message History

The gnoll hits you from afar with a +0 spear.
You hit the gnoll.
The gnoll is severely wounded.
The gnoll hits you with a +0 spear. The gnoll hits you but does no damage.
You hit the gnoll.
The gnoll is almost dead.
The gnoll hits you with a +0 spear. The gnoll hits you but does no damage.
The gnoll hits you from afar with a +0 spear.
The gnoll hits you but does no damage.
Your shield and plate armour prevent you from hitting the gnoll.
The gnoll is almost dead.
The gnoll hits you but does no damage. x2
You hit the gnoll.
You kill the gnoll!
You block the gnoll's attack.
Found 3 scrolls of enchant armour.
The ogre hits you but does no damage.
You barely miss the ogre. You headbutt the ogre.
The ogre is moderately wounded.
The ogre hits you with a +0 giant club! You block the gnoll's attack.
4644 ||| DRINKING potion of heal wounds.
You feel much better. The gnoll hits you but does no damage.
The ogre hits you with a +0 giant club.
You slash the ogre!
The ogre is heavily wounded.
The gnoll hits you but does no damage.
The ogre hits you with a +0 giant club!!
The gnoll barely misses you.
You hit the ogre.
The ogre is heavily wounded.
You block the ogre's attack. The gnoll hits you but does no damage.
You hit the ogre.
You headbutt the ogre, but do no damage.
The ogre is severely wounded.
The gnoll hits you from afar with a +0 spear.
The ogre barely misses you.
Your shield and plate armour prevent you from hitting the ogre.
The ogre is severely wounded.
The gnoll hits you but does no damage. The ogre hits you with a +0 giant club.
You die...

....? ..... ......
...... ....####
#.....# #..O..#
..#...@.#############
#......))'..........<#
#......g.#############
.........# .........#
......>..# .........#
..$......# ........#


You could see an ogre and a gnoll.

Vanquished Creatures
  An ogre (D:4)
  A scorpion (D:4)
  A jelly (D:4)
  4 crimson imps (D:4)
  A bullfrog zombie (D:3)
  A centaur zombie (D:5)
  An orc priest (D:4)
  A hound (D:5)
  Ijyb (D:4)
  Natasha (D:3)
  An orc wizard (D:4)
  An iguana (D:4)
  2 gnolls (D:5)
  4 adders (D:4)
  3 worms
  4 orcs
  8 endoplasms
  A giant cockroach (D:4)
  3 goblins
  5 hobgoblins
  6 jackals
  3 quokkas
  7 ball pythons
  7 bats
  3 frilled lizards
  5 kobolds
  3 rats
79 creatures vanquished.

Vanquished Creatures (others)
  10 plants (D:2)
  2 withered plants (D:5)
12 creatures vanquished.

Grand Total: 91 creatures vanquished

Notes
Turn   | Place    | Note
-------+----------+-------------------------------------------
     0 | D:1      | Colgate the Minotaur Fighter began the quest for the Orb.
     0 | D:1      | Reached XP level 1. HP: 19/19 MP: 0/0
     0 | D:1      | 0 ||| counter = 75
   269 | D:1      | Reached skill level 3 in Axes
   313 | D:1      | Reached XP level 2. HP: 24/26 MP: 1/1
   690 | D:1      | Reached skill level 4 in Axes
   891 | D:1      | 891 ||| UPGRADING to amulet of guardian spirit.
   896 | D:1      | 896 ||| READING scroll labelled XAROTHISIO.
   896 | D:1      | Identified a scroll of acquirement
   896 | D:1      | 896 ||| ACQUIRING +3 plate armour of willpower
   896 | D:1      | Acquired a +3 plate armour of willpower
   898 | D:1      | 898 ||| UPGRADING to +3 plate armour of willpower.
   908 | D:1      | 908 ||| DROPPING +0 scale mail.
   982 | D:2      | 982 ||| Stepping ~*~*~tactically~*~*~ (water).
  1068 | D:2      | Reached XP level 3. HP: 30/31 MP: 2/2
  1088 | D:2      | Found a faded altar of an unknown god.
  1971 | D:2      | 1971 ||| UPGRADING to +0 cloak.
  1976 | D:2      | 1976 ||| READING scroll labelled DYGHYR LIESOT.
  1977 | D:2      | 1977 ||| READING scroll labelled CUSERH MUJIMAJ.
  1978 | D:2      | 1978 ||| READING 4 scrolls labelled DOLEME APSUHUB.
  1979 | D:2      | 1979 ||| READING scroll labelled UZAEGA KIUG.
  1980 | D:2      | 1980 ||| READING 3 scrolls of identify.
  1980 | D:2      | 1980 ||| IDENTIFYING purple potion
  1981 | D:2      | 1981 ||| DROPPING potion of magic.
  2245 | D:3      | Reached skill level 5 in Axes
  2245 | D:3      | Reached XP level 4. HP: 39/39 MP: 3/3
  2622 | D:3      | 2622 ||| DROPPING +0 club.
  2648 | D:3      | Noticed Natasha
  2653 | D:3      | Killed Natasha
  2654 | D:3      | Reached skill level 6 in Axes
  2924 | D:3      | 2924 ||| DROPPING +6 ring of intelligence.
  2925 | D:3      | 2925 ||| READING 3 scrolls of identify.
  2925 | D:3      | 2925 ||| IDENTIFYING bubbling silvery potion
  2926 | D:3      | 2926 ||| DROPPING potion of berserk rage.
  2953 | D:4      | Found a white marble altar of Elyvilon.
  2953 | D:4      | Found a glowing silver altar of Zin.
  3002 | D:4      | Noticed a scorpion
  3009 | D:4      | Killed a scorpion
  3010 | D:4      | Reached XP level 5. HP: 35/45 MP: 1/4
  3097 | D:4      | Reached skill level 7 in Axes
  3102 | D:4      | Reached skill level 1 in Dodging
  3279 | D:4      | 3279 ||| DROPPING +0 mace.
  3289 | D:4      | Reached XP level 6. HP: 52/52 MP: 5/5
  3457 | D:4      | Found a shimmering altar of Xom.
  3539 | D:4      | Reached skill level 8 in Axes
  3832 | D:4      | Noticed Ijyb
  3840 | D:4      | HP: 5/52 [disintegration (26)]
  3841 | D:4      | Killed Ijyb
  4287 | D:4      | 4287 ||| READING scroll of enchant armour.
  4287 | D:4      | 4287 ||| ENCHANTING +0 cloak.
  4324 | D:4      | Reached XP level 7. HP: 53/59 MP: 4/6
  4438 | D:4      | Reached skill level 9 in Axes
  4558 | D:4      | 4558 ||| READING 2 scrolls labelled XUIJE OTTO.
  4559 | D:4      | 4559 ||| READING 3 scrolls of identify.
  4559 | D:4      | 4559 ||| IDENTIFYING yellow potion
  4560 | D:4      | 4560 ||| DROPPING scroll of summoning.
  4611 | D:5      | Entered Level 5 of the Dungeon
  4643 | D:5      | HP: 11/60 [ogre (7)]
  4644 | D:5      | 4644 ||| DRINKING potion of heal wounds.
  4645 | D:5      | HP: 4/60 [ogre (19)]
  4647 | D:5      | HP: 1/60 [gnoll (4)]
  4648 | D:5      | Slain by an ogre

Levels and vault maps discovered:
D:1:      nicolae_arrival_somewhat_less_tricky_arrival, layout_basic
D:2:      wad_woods_pond, layout_basic, hellmonk_ecumenical_altar_slurped_away
D:3:      layout_loops_corners, serial_glass, glass_columns_a, glass_columns_c,
          due_unseen_surprise, feat_on_display, uniq_natasha
D:4:      layout_basic, led_xom_imps, grunt_temple_overflow_open, uniq_ijyb
D:5:      layout_basic, serial_undead, serial_undead_c, serial_undead_f,
          serial_undead_b, serial_undead_f, serial_undead_d, serial_undead_e,
          minmay_misc_feat_columns, minmay_manual_mess

Skill      XL: |  1  2  3  4  5  6  7 |
---------------+----------------------+-----
Axes           | 3 4 5 6 7 8 9 |  9.2
Dodging        | 1 |  1.5
Fighting       | 4 |  4.5
Armour         | 4 |  4.1
Shields        | |  3.6

Action                   |  1- 3 |  4- 6 |  7- 9 || total
-------------------------+-------+-------+-------++-------
Melee: War axe           |    69 |   127 |    29 ||   225
       Headbutt          |    10 |    16 |     6 ||    32
  Use: Scroll            |     6 |     2 |     2 ||    10
       Potion            |       |       |     1 ||     1
Armor: Scale mail        |    13 |       |       ||    13
       Plate armour      |    20 |    72 |    46 ||   138
Dodge: Dodged            |    14 |    14 |    14 ||    42
Block: Kite shield       |    21 |    58 |    21 ||   100

Table legend:
 A = Non-vault XP
 B = Vault XP
 C = Vault XP percentage of total XP
 D = Non-vault monster count
 E = Vault monster count
 F = Vault count percentage of total count
                 A         B        C        D         E       F
            +---------+---------+-------+---------+---------+-------
      Total |     714 |     272 |  27.6 |      71 |       8 |  10.1
            +---------+---------+-------+---------+---------+-------
        D:1 |      33 |       0 |   0.0 |      21 |       0 |   0.0
        D:2 |      24 |       4 |  14.3 |      12 |       2 |  14.3
        D:3 |      69 |      36 |  34.3 |      10 |       1 |   9.1
        D:4 |     471 |     232 |  33.0 |      24 |       5 |  17.2
        D:5 |     117 |       0 |   0.0 |       4 |       0 |   0.0
            +---------+---------+-------+---------+---------+-------
